 Dungeon Sprint DCSS version 0.27.1-2-g3b301248ec (webtiles) character file.

Game seed: 3142704574102714652

4265 boopmooplesden the Fencer (level 10, -12/92 HPs)
             Began as a Minotaur Fighter on Sept 23, 2021.
             Was a Believer of Okawaru.
             Mangled by a hellephant (18 damage)
             ... in the Dungeon (Sprint II: "The Violet Keep of Menkaure").
             The game lasted 00:08:40 (1744 turns).

boopmooplesden the Fencer (Minotaur Fighter)        Turns: 1744, Time: 00:08:40

Health: -12/92     AC: 28    Str: 21    XL:     10   Next: 10%
Magic:  9/9        EV:  6    Int:  1    God:    Okawaru [**....]
Gold:   317        SH:  5    Dex: 11    Spells: 9/9 levels left

rFire    . . .     SeeInvis .   e - +7 great sword of Peace {vorpal, rElec Stlth+}
rCold    . . .     Faith    .   (shield currently unavailable)
rNeg     . . .     Spirit   .   v - +1 crystal plate armour
rPois    .         Reflect  +   (helmet restricted)
rElec    +         Harm     .   m - +0 cloak {rCorr}
rCorr    +         Rampage  .   k - +0 pair of gloves
Will     .....     Rnd*Rage +   f - +0 pair of boots Stlth ..........NoTele +
                                p - amulet of reflection
HPRegen  0.00/turn              (no ring)
MPRegen  0.11/turn              (no ring)

@: lethally poisoned (-12 -> -22), unable to read, flying, inhibited regen,
slowed, very slow
A: horns 2, retaliatory headbutt, berserk 1, dopey 2, frail 1, inhibited
regeneration, weak 1, subdued magic 2, inability to read while threatened
a: Renounce Religion, Heroism


You were in the Dungeon.
You worshipped Okawaru.
Okawaru was pleased with you.
You visited 1 branch You collected 1282 gold pieces.
You spent 965 gold pieces at shops.

Inventory:

Hand Weapons
 a - a +0 long sword
 e - the +7 great sword of Peace (weapon) {vorpal, rElec Stlth+}
   (You bought it in a shop in the Dungeon)

   It inflicts extra damage upon your enemies.
   rElec:     It insulates you from electricity.
   Stlth:     It makes you more stealthy.
Missiles
 r - 3 javelins (quivered)
Armour
 b - a +0 scale mail
 c - a +0 kite shield
 f - a +0 pair of boots (worn)
 k - a +0 pair of gloves (worn)
 l - a +4 scale mail of cold resistance
 m - a +0 cloak of preservation (worn)
 v - a +1 crystal plate armour (worn)
Jewellery
 p - an amulet of reflection (around neck)
Scrolls
 g - a scroll of immolation
 j - a scroll of blinking
 n - 4 scrolls of identify
 u - 2 scrolls of acquirement {unknown}
Potions
 d - a potion of might
 h - 5 potions of magic
 i - a potion of berserk rage
 o - 2 potions of degeneration
 t - 2 potions of heal wounds
 w - 3 potions of resistance
 x - 2 potions of flight


   Skills:
 + Level 14.1 Fighting
 + Level 15.3 Long Blades
 + Level 13.4 Armour
 + Level 5.5 Dodging
 + Level 1.2 Stealth
 + Level 12.1 Shields


You had 9 spell levels left.
You didn't know any spells.
Your spell library contained the following spells:

 Spells                   Type           Power      Damage    Failure   Level
 Ensorcelled Hibernation  Hex/Ice        0%         N/A       100%        2
 Ozocubu's Armour         Ice            0%         N/A       100%        3
 Spider Form              Tmut/Pois      0%         N/A       100%        3
 Metabolic Englaciation   Hex/Ice        0%         N/A       100%        5
 Shadow Creatures         Summ           N/A        N/A       100%        6
 Simulacrum               Ice/Necr       0%         N/A       100%        6


Dungeon Overview and Level Annotations

Branches:
Dungeon (1/1)

Altars:
Cheibriados
Dithmenos
Elyvilon
Fedhas
Gozag
Hepliaklqana
Kikubaaqudgha
Makhleb
Nemelex Xobeh
Okawaru
Qazlal
Ru
Sif Muna
Trog
Uskayaw
Vehumet
Wu Jian
Xom
Yredelemnul
Zin
The Shining One
Beogh
Jiyva
Lugonu

Shops:
D :==!=?(!:[[[=:(

Annotations:
D exclusion: oklob plant, Sonja


Innate Abilities, Weirdness & Mutations

You have a pair of horns on your head.
You reflexively headbutt those who attack you in melee.
You tend to lose your temper in combat.
You are very dopey. (Int -4)
You are frail. (-10% HP)
You do not regenerate when monsters are visible.
You are weak. (Str -2)
Your spells are easier to cast, but less powerful.
You sometimes lose the ability to read scrolls when taking damage.


Message History

The hellephant tramples you but does no damage.
The hellephant splashes around in the water. x2
Unknown command.
You bump into the unnaturally hard rock wall.
You are engulfed in a cloud of scalding steam.
You feel less confused.
The purple draconian shifter points at you and mumbles some strange words.
The hellephant splashes around in the water.
The hellephant bites you but does no damage.
The hellephant gores you but does no damage.
Unknown command.
You slice the glowing orange brain!!
Your headbutt misses the glowing orange brain.
The glowing orange brain is severely wounded.
The hellephant splashes around in the water. x2
The hellephant barely misses you.
The purple draconian shifter blinks!
The glowing orange brain blinks!
You slice the hellephant!! Your headbutt misses the hellephant.
The hellephant is lightly wounded.
Sonja says, "Someone hired me to kill you, but I'm not supposed to say who."
Sonja throws a curare-tipped dart.
The curare-tipped dart hits you.
You are poisoned.
You have difficulty breathing.
You feel threatened and lose the ability to read scrolls!
* * * LOW HITPOINT WARNING * * *
You feel yourself slow down. The hellephant tramples you.
* * * LOW HITPOINT WARNING * * *
You hold your ground!
The hellephant barely misses you. The hellephant gores you.
* * * LOW HITPOINT WARNING * * *
Unknown command.
Unknown command.
Unknown command.
Unknown command.
You can read scrolls again.
* * * LOW HITPOINT WARNING * * *
You feel very sick. The hellephant tramples you!!
You feel threatened and lose the ability to read scrolls!
You die...

#.#=|▓.....(..▓▓$§.▓^*,+≈,,≈+,*
.####▓("..))..▓▓...▓,*,+≈,,≈+,*
.#*.#▓...(....▓▓.q.▓,*,+≈,,≈+,*
.#,.#▓..(..(|.▓▓...▓,*,+≈,,≈+,*
.#,.#▓[(....[.▓▓.⌠$▓,*,*≈,,≈*,*
.##.#▓.)...)[.▓▓.G.▓^*,*≈,,≈*,*
...##▓▓▓▓▓▓▓'▓▓▓▓K▓*,***≈,,≈***
≈≈≈≈÷≈≈≈≈≈≈≈...≈≈§▓,,,,,,,,**
#'########'###.≈@≈▓,,,,,,,**
#._._._..#§§≈##≈Y≈▓,,,,,,**
#.._._._.#§§≈≈####▓****≈**
#._._._._#§§≈§≈#*,,*,,*≈*
#_._._._.#§§≈§§§#,,*,,*≈*
#._._._..#§§§§§≈+,,+,,*≈*
#_._._...#≈§§≈§S#,,*,,*≈*
#._._....#≈≈≈≈≈≈*,,*,,*≈*
#_._.....#§≈≈≈*********≈*


You could see a hellephant, a purple draconian shifter, a glowing orange brain
and Sonja.

Vanquished Creatures
  A kraken (D)
  A yaktaur (D)
  3 polar bears (D)
  A hornet (D)
  2 wyverns (D)
  4 neqoxecs (D)
  Menkaure (D)
  2 water moccasins (D)
  4 necrophages (D)
  4 scorpions (D)
  A hell rat (D)
  4 tentacles (D)
28 creatures vanquished.

Vanquished Creatures (others)
  A water moccasin (D)
  10 tentacles (D)
11 creatures vanquished.

Grand Total: 39 creatures vanquished

Notes
Turn   | Place    | Note
-------+----------+-------------------------------------------
     0 | D        | boopmooplesden the Minotaur Fighter began the quest for the
                  | Orb.
     0 | D        | Reached XP level 1. HP: 19/19 MP: 0/0
     1 | D        | Noticed a wyvern
     1 | D        | Noticed a wyvern
     4 | D        | Noticed a scorpion
     4 | D        | Noticed a scorpion
    15 | D        | Killed a scorpion
    16 | D        | Reached skill level 3 in Long Blades
    16 | D        | Reached skill level 5 in Shields
    16 | D        | Reached XP level 2. HP: 16/30 MP: 1/1
    16 | D        | Reached XP level 3. HP: 19/37 MP: 2/2
    21 | D        | Killed a scorpion
    22 | D        | Reached skill level 4 in Long Blades
    22 | D        | Reached XP level 4. HP: 6/47 MP: 3/3
    24 | D        | Noticed a scorpion
    24 | D        | Noticed a scorpion
    31 | D        | Killed a scorpion
    32 | D        | Reached skill level 5 in Long Blades
    32 | D        | Reached XP level 5. HP: 6/53 MP: 4/4
    32 | D        | HP: 2/53 [scorpion (4)]
   169 | D        | Killed a water moccasin
   310 | D        | Noticed a necrophage
   310 | D        | Noticed a necrophage
   310 | D        | Noticed a necrophage
   310 | D        | Noticed a necrophage
   314 | D        | Killed a necrophage
   315 | D        | Reached skill level 6 in Long Blades
   315 | D        | Reached XP level 6. HP: 60/63 MP: 5/5
   317 | D        | Reached skill level 7 in Long Blades
   317 | D        | Reached skill level 10 in Armour
   321 | D        | Reached skill level 10 in Fighting
   324 | D        | Reached XP level 7. HP: 71/72 MP: 6/6
   333 | D        | Noticed a neqoxec
   333 | D        | Noticed a neqoxec
   333 | D        | Noticed a neqoxec
   333 | D        | Noticed a neqoxec
   335 | D        | Gained mutation: Your spells are a little easier to cast,
                  | but a little less powerful. [a neqoxec]
   337 | D        | Killed a neqoxec
   338 | D        | Reached skill level 8 in Long Blades
   338 | D        | Reached skill level 10 in Shields
   339 | D        | Gained mutation: You are frail. (-10% HP) [a neqoxec]
   340 | D        | Gained mutation: You are weak. (Str -2) [a neqoxec]
   343 | D        | Killed a neqoxec
   344 | D        | Reached skill level 9 in Long Blades
   344 | D        | Gained mutation: You tend to lose your temper in combat. [a
                  | neqoxec]
   348 | D        | Gained mutation: You are dopey. (Int -2) [a neqoxec]
   348 | D        | Gained mutation: You are very dopey. (Int -4) [a neqoxec]
   349 | D        | Gained mutation: Your spells are easier to cast, but less
                  | powerful. [a neqoxec]
   350 | D        | Gained mutation: You sometimes lose the ability to read
                  | scrolls when taking damage. [a neqoxec]
   352 | D        | Killed a neqoxec
   353 | D        | Reached skill level 1 in Dodging
   353 | D        | Gained mutation: You do not regenerate when monsters are
                  | visible. [a neqoxec]
   354 | D        | Killed a neqoxec
   355 | D        | Reached skill level 10 in Long Blades
   355 | D        | Reached XP level 8. HP: 32/73 MP: 7/7
   703 | D        | Found Cacisolu's Antique Weapon Shop.
   704 | D        | Found Nounap's Antique Armour Boutique.
   704 | D        | Found Zamevuts's Magic Scroll Boutique.
   704 | D        | Found Voekociy's Book Boutique.
   704 | D        | Found Tubekk's Jewellery Shop.
   704 | D        | Found Pogru's Distillery.
   704 | D        | Found Hyoxorea's Armour Shop.
   704 | D        | Found Nyshi's Distillery.
   704 | D        | Found Ugoryosk's Jewellery Shop.
   704 | D        | Found Peirubi's Antique Weapon Boutique.
   705 | D        | Found Foymef's Book Boutique.
   705 | D        | Found Wawnit's Antique Armour Shop.
   705 | D        | Found Izol's Jewellery Shop.
   705 | D        | Found Weroa's Jewellery Boutique.
   705 | D        | Noticed Menkaure
   718 | D        | Killed Menkaure
   719 | D        | Reached skill level 11 in Long Blades
   738 | D        | Noticed an oklob plant
   739 | D        | Found Abrye's Book Shoppe.
   741 | D        | Bought a shimmering great sword for 368 gold pieces
   741 | D        | Identified the +7 great sword of Peace {vorpal, rElec
                  | Stlth+} (You bought it in a shop in the Dungeon)
   747 | D        | Noticed a shining eye
   747 | D        | Noticed a shining eye
   749 | D        | Bought a pair of boots for 126 gold pieces
   749 | D        | Bought a pair of gloves for 126 gold pieces
   749 | D        | Bought a runed scale mail for 196 gold pieces
   769 | D        | Noticed a shining eye
   775 | D        | Bought a +0 cloak of preservation for 149 gold pieces
   802 | D        | Found a glowing silver altar of Zin.
   803 | D        | Found a glowing golden altar of the Shining One.
   803 | D        | Found a basalt altar of Yredelemnul.
   803 | D        | Found a hide-covered altar of Uskayaw.
   804 | D        | Found a shimmering altar of Xom.
   804 | D        | Found a bloodstained altar of Trog.
   805 | D        | Found an ornate altar of the Wu Jian Council.
   805 | D        | Found a shimmering blue altar of Sif Muna.
   805 | D        | Found a corrupted altar of Lugonu.
   805 | D        | Found a radiant altar of Vehumet.
   805 | D        | Found a burning altar of Makhleb.
   806 | D        | Found a sacrificial altar of Ru.
   806 | D        | Found an ancient bone altar of Kikubaaqudgha.
   806 | D        | Found a white marble altar of Elyvilon.
   806 | D        | Found a sparkling altar of Nemelex Xobeh.
   806 | D        | Found a blossoming altar of Fedhas.
   807 | D        | Found a stormy altar of Qazlal.
   807 | D        | Found a viscous altar of Jiyva.
   807 | D        | Found a shadowy altar of Dithmenos.
   808 | D        | Found a hazy altar of Hepliaklqana.
   808 | D        | Found a snail-covered altar of Cheibriados.
   810 | D        | Noticed a hornet
   810 | D        | Noticed a polar bear
   810 | D        | Noticed a polar bear
   811 | D        | Found an iron altar of Okawaru.
   811 | D        | Found an opulent altar of Gozag.
   811 | D        | Noticed a yaktaur
   812 | D        | Noticed a polar bear
   820 | D        | Became a worshipper of Warmaster Okawaru
   829 | D        | Killed a polar bear
   831 | D        | Killed a hornet
   832 | D        | Reached skill level 12 in Long Blades
   833 | D        | Killed a yaktaur
   833 | D        | Reached * piety under Okawaru
   834 | D        | Reached XP level 9. HP: 35/82 MP: 8/8
   837 | D        | Killed a polar bear
   838 | D        | Reached skill level 13 in Long Blades
   839 | D        | Killed a polar bear
  1165 | D        | Noticed a kraken
  1516 | D        | Killed a kraken
  1516 | D        | Reached ** piety under Okawaru
  1517 | D        | Reached skill level 15 in Long Blades
  1517 | D        | Reached skill level 5 in Dodging
  1517 | D        | Reached skill level 1 in Stealth
  1517 | D        | Reached XP level 10. HP: 55/92 MP: 9/9
  1733 | D        | Noticed a hellephant
  1733 | D        | Noticed Sonja
  1733 | D        | Noticed a glowing orange brain
  1733 | D        | Noticed a purple draconian shifter
  1744 | D        | Mangled by a hellephant

Illustrated notes

Levels and vault maps discovered:
D:        the_violet_keep_of_menkaure [sprint2_stairs_cluster_1,
          sprint2_shoproom, sprint2_temple, sprint2_basic_supplies,
          sprint2_obstacle_2, sprint2_obstacle_7, sprint2_obstacle_3,
          sprint2_obstacle_4, sprint2_obstacle_5, sprint2_timed_cluster_1,
          sprint2_smallroom_cluster_1, sprint2_smallroom_final_cluster_1,
          sprint2_transparent_cluster_1, sprint2_second_timed_cluster_1,
          sprint2_sniper_area_1, sprint2_heavy_combat_area_1,
          sprint2_mutation_trap_area_1, sprint2_forest_area_1,
          sprint2_light_combat_area_1, sprint2_behind_water_1,
          sprint2_near_end_vault_1]

Skill      XL: |  1  2  3  4  5  6  7  8  9 |
---------------+----------------------------+-----
Fighting       | 6 7 9 10 11 12 14 | 14.1
Long Blades    | 3 4 5 6 7 10 12 15 | 15.3
Armour         | 6 7 8 9 11 12 13 | 13.4
Shields        | 5 6 7 8 9 10 11 12 | 12.1
Dodging        | 1 3 5 |  5.5
Stealth        | 1 |  1.2

Action                   |  1- 3 |  4- 6 |  7- 9 | 10-12 || total
-------------------------+-------+-------+-------+-------++-------
Melee: Long sword        |    14 |    19 |    41 |       ||    74
       Headbutt          |     3 |     4 |    16 |       ||    23
       Great sword       |       |       |    29 |     3 ||    32
  Use: Potion            |     2 |       |     1 |     1 ||     4
       Scroll            |       |       |     4 |     2 ||     6
Armor: Scale mail        |     8 |     7 |    36 |       ||    51
       Crystal plate arm |       |       |    12 |     5 ||    17
Dodge: Dodged            |     3 |     8 |    41 |     2 ||    54
Block: Kite shield       |     7 |     7 |    14 |       ||    28
       Other             |       |       |     3 |       ||     3
       Rpst.: Long sword |       |     3 |     2 |       ||     5
       Great sword       |       |       |    12 |       ||    12
